AoeStats
← _LY_抖音肥龙

African Clearing

505271567Analyzed
4v4 RM · 23d ago on Sep 8, 2026· 19m 55s· 8 players
Game mode
Random Map
Map size
Large (8 player)
Population
200
Speed
Normal
Resources
Standard
Victory
Conquest
Starting age
Dark Age
Ending age
Imperial Age
RankedLock teamsTeams togetherTeam positionsShared explorationLock speedFull tech treeHidden civsTurbo modeCheats
Victory
Defeat
🇨🇳 Vietnamese · China
1878
+10
🇭🇰 Persians · Hong Kong SAR China
1770
+14
🇨🇳 Magyars · China
1727
+16
🇨🇳 Koreans · China
1589
+21
🇵🇪 Cumans · Peru
1743
-16
🇻🇳 Gurjaras · Vietnam
1742
-16
🇨🇳 Mongols · China
1722
-15
🇲🇽 Khmer · Mexico
1692
-14
|Thepejezombie
8:19 Loom
11:28 Feudal Age
16:24 Castle Age
14:33 Double-Bit Axe
爱人跟人走
9:01 Loom
noru
11:46 Feudal Age
13:17 Man-at-Arms
13:58 Loom
VIPN@U
12:27 Feudal Age
13:08 Loom
16:28 Castle Age
17:48 Scale Barding Armor
CNZS_HiFive
11:56 Feudal Age
12:54 Double-Bit Axe
13:25 Horse Collar
14:46 Loom
CNZS_Bad Koala
10:12 Loom
16:21 Feudal Age
16:47 Double-Bit Axe
19:27 Horse Collar
云层贩卖心动
4:21 Loom
8:21 Loom
_LY_抖音肥龙
11:27 Loom
13:34 Feudal Age
14:25 Double-Bit Axe
17:18 Castle Age
15:40 Scale Barding Armor
16:52 Bloodlines
18:05 Bow Saw
Connection lost

Rejoining the realm…

Still unreachable

The connection could not be restored.

Session expired

The server has moved on; the page needs a fresh start.